 Dungeon Crawl Stone Soup version 0.28.0-53-g5a82cb258f (webtiles) character file.

Game seed: 12749366415589903068

11 protoss039 the Digger (level 2, 15/21 HPs)
             Began as a Demonspawn Earth Elementalist on June 15, 2022.
             Got out of the dungeon alive.
             The game lasted 00:01:06 (294 turns).

protoss039 the Digger (DsEE)                         Turns: 294, Time: 00:01:06

Health: 15/21      AC:  2    Str:  8    XL:     2   Next: 17%
Magic:  5/5        EV: 12    Int: 16    God:
Gold:   29         SH:  0    Dex: 13    Spells: 4/5 levels left

rFire   . . .      SeeInvis .   (no weapon)
rCold   . . .      Faith    .   (no shield)
rNeg    . . .      Spirit   .   b - +0 robe
rPois   .          Reflect  .   (no helmet)
rElec   .          Harm     .   (no cloak)
rCorr   .          Rampage  .   (no gloves)
Will    .....                   (no boots)
Stlth   ++........              (no amulet)
HPRegen 0.07/turn               (no ring)
MPRegen 0.09/turn               (no ring)

@: no status effects
A: demonic guardian 1
a: no special abilities


You escaped.
You visited 1 branch of the dungeon, and saw 1 of its levels.

You collected 29 gold pieces.

Inventory:

Missiles
 c - 19 stones
Armour
 b - a +0 robe (worn)
Jewellery
 e - a ring of flight
Scrolls
 d - a scroll of teleportation {unknown}
Potions
 a - a potion of degeneration {unknown}


   Skills:
 * Level 1.0 Fighting
 + Level 0.4 Armour
 - Level 1.7 Dodging
 - Level 1.7 Stealth
 + Level 2.1 Spellcasting
 - Level 1.0 Transmutations
 + Level 2.8 Earth Magic


You had 4 spell levels left.
You knew the following spells:

 Your Spells              Type           Power      Damage    Failure   Level
a - Sandblast             Erth           20%        2d7       6%          1

Your spell library contained the following spells:

 Spells                   Type           Power      Damage    Failure   Level
 Passwall                 Tmut/Erth      5%         N/A       14%         2
 Stone Arrow              Conj/Erth      12%        3d7       34%         3
 Tukima's Dance           Hex            1%         N/A       52%         3
 Petrify                  Tmut/Erth      7%         N/A       67%         4
 Passage of Golubria      Tloc           1%         N/A       90%         4
 Yara's Violent Unravell  Hex/Tmut       1%         3d3       99%         5


Dungeon Overview and Level Annotations

Branches:
Dungeon (1/15)

Altars:


Innate Abilities, Weirdness & Mutations

A weak demonic guardian rushes to your aid.


Message History

The slug dart hits you.
A demonic guardian appears!
Casting: Sandblast (safe; 6% risk of failure)
Confirm with . or Enter, or press ? or * to list all spells.
Aiming: Sandblast (safe; 6% risk of failure)
Press: ? - help, Shift-Dir - straight line, f - dart slug
Aim: a dart slug (ally target, 100% to hit)
The blast of sand hits the dart slug.
The dart slug is heavily wounded.
Unknown command.
Casting: Sandblast (safe; 6% risk of failure)
Confirm with . or Enter, or press ? or * to list all spells.
Aiming: Sandblast (safe; 6% risk of failure)
Press: ? - help, Shift-Dir - straight line, f/p - dart slug
Aim: a dart slug (heavily wounded, ally target, 100% to hit)
The blast of sand hits the dart slug.
The dart slug is severely wounded.
Unknown command.
You swap places.
The dart slug bites you.
Unknown command.
You hit the dart slug.
The dart slug is almost dead.
The dart slug bites you.
Unknown command.
You hit the dart slug but do no damage.
The dart slug is almost dead.
Unknown command.
You hit the dart slug but do no damage.
The dart slug is almost dead.
The dart slug barely misses you.
Unknown command.
You hit the dart slug.
You kill the dart slug!
Your Fighting skill increases to level 1!
Unknown command.
Unknown command.
Unknown command.
Your quasit disappears in a puff of smoke!
There is a staircase leading out of the dungeon here.
Are you sure you want to leave the Dungeon?
This will make you lose the game!
You have escaped!

..........#≈≈≈≈≈≈≈≈≈≈.......#####
..........≈≈≈≈≈≈≈≈≈≈≈≈##.#.......
...##...#≈≈≈≈≈≈≈≈≈≈≈≈≈≈#.#.......
........≈≈≈8≈≈≈≈≈≈≈≈8≈≈≈.........
...##...≈≈≈≈≈≈≈≈≈≈≈≈≈≈≈≈#........
........≈≈≈≈≈≈≈≈≈...≈≈≈≈.....###.
........≈≈≈≈≈≈≈≈.≈≈≈.≈≈....#.###.
...##.#.≈≈≈≈≈≈≈>.≈≈≈≈..≈.........
..###.#.≈..≈≈≈≈.@≈≈≈≈≈≈≈.#.#####.
... #....≈≈.≈≈≈.≈≈≈≈≈≈≈≈.#.#.....
........≈≈≈≈...≈≈≈≈≈≈≈≈≈.........
........≈≈≈≈≈≈≈≈≈≈≈≈≈≈≈≈#..#.#...
.######.≈≈≈8≈≈≈≈≈≈≈≈8≈≈≈#..#.#...
#.#≈≈≈≈≈≈≈≈≈≈≈≈≈≈....#.#...
#.##≈≈≈≈≈≈≈≈≈≈≈≈#.#....#...
#....≈≈≈≈≈≈≈≈≈≈##.#.#.#....
.#.....[####..#... #.#......


There were no monsters in sight!

Vanquished Creatures
  2 dart slugs (D:1)
  A bat (D:1)
  An endoplasm (D:1)
  A hobgoblin (D:1)
  A quokka (D:1)
  A frilled lizard (D:1)
7 creatures vanquished.

Notes
Turn   | Place    | Note
-------+----------+-------------------------------------------
     0 | D:1      | protoss039 the Demonspawn Earth Elementalist began the
                  | quest for the Orb.
     0 | D:1      | Reached XP level 1. HP: 13/13 MP: 3/3
    17 | D:1      | Reached skill level 1 in Transmutations
   191 | D:1      | Gained mutation: A weak demonic guardian rushes to your
                  | aid. [demonic ancestry]
   191 | D:1      | Reached XP level 2. HP: 20/20 MP: 3/5
   274 | D:1      | Reached skill level 1 in Fighting
   294 | D:$      | Got out of the dungeon alive.

Illustrated notes

Levels and vault maps discovered:
D:1:      nzn_arrival_water_spiral, layout_basic, serial_aquarium,
          aquarium_bridge_straight [aquarium_subvault_bridge,
          aquarium_subvault_window, aquarium_subvault_bridge,
          aquarium_subvault_wall], aquarium_window_fake, aquarium_window_1,
          aquarium_window_fake, aquarium_view_2e, aquarium_view_2c,
          aquarium_balcony_3a, aquarium_pool_double, minivault_25

Skill      XL: |  1  2 |
---------------+-------+-----
Transmutations | 1 |  1.0
Fighting       | 1 |  1.0
Armour         | |  0.4
Dodging        | |  1.7
Stealth        | |  1.7
Spellcasting   | |  2.1
Earth Magic    | |  2.8

Action                   || total
-------------------------++-------
Melee: Unarmed           ||     4
 Cast: Sandblast         ||    11
Dodge: Dodged            ||     3
